 Dungeon Crawl Stone Soup version 0.20.1-1-g8b1a95d (webtiles) character file.

35 Frqise the Skirmisher (level 3, 0/49 HPs)
             Began as a Hill Orc Fighter on July 8, 2017.
             Was a Follower of Beogh.
             Slain by Sigmund
             ... wielding a +0 scythe
              (5 damage)
             ... on level 2 of the Dungeon.
             The game lasted 00:03:57 (803 turns).

Frqise the Skirmisher (Hill Orc Fighter)             Turns: 803, Time: 00:03:57

Health: 0/49       AC: 21    Str: 16 (19) XL:     3   Next: 33%
Magic:  3/3        EV:  2    Int:  5 (8)  God:    Beogh [*.....]
Gold:   62         SH:  0    Dex:  8 (10) Spells: 2/2 levels left

rFire    . . .     SeeInvis .   a - +0 long sword
rCold    + . .     Gourm    .   c - +0 shield
rNeg     + + +     Faith    .   (armour currently unavailable)
rPois    +         Spirit   .   (helmet currently unavailable)
rElec    .         Reflect  .   (cloak currently unavailable)
rCorr    .         Harm     .   (gloves currently unavailable)
MR       .....     NoTele   +   (boots currently unavailable)
Stlth    +.........             (no amulet)
Regen    0.2/turn               j - ring of protection from cold
MPRegen  0.1/turn               (no ring)

@: confused, tree-form
A: no striking features
a: Renounce Religion


You were on level 2 of the Dungeon.
You worshipped Beogh.
Beogh was aware of your devotion.
You were not hungry.
You were a tree.
You visited 1 branch of the dungeon, and saw 2 of its levels.

You collected 62 gold pieces.

Inventory:

Hand Weapons
 a - a +0 long sword (weapon)
Armour
 b - a +0 pair of gloves (melded)
 c - a +0 shield (worn)
 l - a +0 plate armour (melded)
Jewellery
 j - a ring of protection from cold (left branch)
Scrolls
 e - a scroll of recharging
 g - a scroll of remove curse
 m - a scroll of identify
Potions
 d - 2 potions of might
Comestibles
 f - a bread ration


   Skills:
 + Level 4.0 Fighting
 + Level 2.5 Long Blades
 + Level 3.8 Armour
 + Level 0.1 Dodging
 + Level 3.7 Shields


You had 2 spell levels left.
You didn't know any spells.

Dungeon Overview and Level Annotations

Branches:
Dungeon (2/15)

Altars:
Uskayaw
Beogh

Annotations:
D:2 Sigmund


Message History

You block Sigmund's attack.
You barely miss Sigmund.
Sigmund is almost dead.
Sigmund gestures wildly while chanting.
Sigmund flickers and vanishes!
Deactivating autopickup; reactivate with Ctrl-A.
You closely miss something.
You hear some strange, mumbled words.
You are confused.
Something hits you but does no damage.
You cannot move. (Use ctrl+direction to attack without moving.)
You cannot move. (Use ctrl+direction to attack without moving.)
You cannot move. (Use ctrl+direction to attack without moving.)
You cannot move. (Use ctrl+direction to attack without moving.)
You are too injured to fight recklessly!
You swing at nothing.
Something hits you.
* * * LOW HITPOINT WARNING * * *
You swing at nothing.
You nearly hit yourself!
Something hits you.
You die...

#.# #.# ### #.# #.#
##+## #.# ..###...##
#.# ####.....## ##.#
##.......## ##..##
#.........####....#
+.........+.......#
#..........#.#....#
#...{♣.......#.#.###
##.......#.........#
##.....#.#..^##.#.#
##+#.#._.#..#.....#
#..#.#...#.###.#
#...#....#.# .#
#..........#
...#########.....
.<.. ##.##


There were no monsters in sight!

Vanquished Creatures
  A worm (D:2)
  3 dart slugs
  A giant cockroach (D:1)
  A goblin (D:1)
  5 hobgoblins
  5 ball pythons (D:1)
  3 bats (D:1)
  A frilled lizard (D:1)
  2 kobolds (D:1)
  3 rats
25 creatures vanquished.

Notes
Turn   | Place    | Note
-------+----------+-------------------------------------------
     0 | D:1      | Frqise the Hill Orc Fighter began the quest for the Orb.
     0 | D:1      | Reached XP level 1. HP: 19/19 MP: 1/1
   127 | D:1      | Reached XP level 2. HP: 27/27 MP: 2/2
   481 | D:1      | Reached XP level 3. HP: 33/33 MP: 3/3
   559 | D:1      | Reached skill level 4 in Fighting
   568 | D:1      | You fall through a shaft!
   679 | D:2      | Found a hide-covered altar of Uskayaw.
   757 | D:2      | Found a faded altar of an unknown god.
   770 | D:2      | Became a worshipper of Beogh the Brigand
   770 | D:2      | Reached * piety under Beogh
   772 | D:2      | Noticed Sigmund
   803 | D:2      | Slain by Sigmund

Skill      XL: |  1  2  3 |
---------------+----------+-----
Fighting       | 4 |  4.0
Long Blades    | |  2.5
Armour         | |  3.8
Dodging        | |  0.1
Shields        | |  3.7

Action                   || total
-------------------------++-------
Melee: Long sword        ||    95
  Use: Scroll            ||     6
       Potion            ||     2
Armor: Scale mail        ||     5
       Plate armour      ||    53
       Skin              ||     6
Dodge: Dodged            ||    18
Block: Shield            ||    60
       Rpst.: Long sword ||     5
